 Dungeon Crawl Stone Soup version 0.28-a0-1130-gc51a68064b (webtiles) character file.

Game seed: 7089888142388623379

5979 pokeman the Thaumaturge (level 10, -1/56 HPs)
             Began as a Deep Elf Hedge Wizard on Dec 12, 2021.
             Was a Follower of Vehumet.
             Killed by divine providence
             ... invoked by an orc priest
              (13 damage)
             ... on level 9 of the Dungeon on Dec 13, 2021.
             The game lasted 00:34:00 (12645 turns).

pokeman the Thaumaturge (Deep Elf Hedge Wizard)    Turns: 12645, Time: 00:34:01

Health: -1/56      AC:  5    Str: 13    XL:     10   Next: 55%
Magic:  6/29       EV: 13    Int: 24    God:    Vehumet [*.....]
Gold:   517        SH:  5    Dex: 14    Spells: 22/36 levels left

rFire   . . .      SeeInvis .   G - +2 trident (venom)
rCold   . . .      Faith    .   (no shield)
rNeg    . . .      Spirit   .   D - +0 steam dragon scales
rPois   .          Reflect  +   c - +0 hat
rElec   .          Harm     .   (no cloak)
rCorr   .          Rampage  .   (no gloves)
Will    +....                   (no boots)
Stlth   ++........              k - amulet of reflection
HPRegen 0.18/turn               h - +6 ring of strength
MPRegen 0.21/turn               (no ring)

@: on blink cooldown
A: no striking features
a: Renounce Religion


You were on level 9 of the Dungeon.
You worshipped Vehumet.
Vehumet was aware of your devotion.
You visited 2 branches of the dungeon, and saw 10 of its levels.
You also visited: Sewer.

You collected 517 gold pieces.

Inventory:

Hand Weapons
 z - a +1 shortbow of flaming
 G - a +2 trident of venom (weapon)
Missiles
 b - 4 curare-tipped darts
 q - 129 arrows
Armour
 c - a +0 hat (worn)
 v - a +1 leather armour of cold resistance
 D - +0 steam dragon scales (worn)
 H - a +1 ring mail of poison resistance
Jewellery
 h - a +6 ring of strength (left hand)
 k - an amulet of reflection (around neck)
Wands
 a - a wand of charming (17)
 B - a wand of digging (5)
 C - a wand of acid (6)
 E - a wand of iceblast (6)
Scrolls
 d - 2 scrolls of vulnerability {unknown}
 f - 2 scrolls of amnesia {unknown}
 g - 4 scrolls of fear {unknown}
 i - 8 scrolls of teleportation {unknown}
 m - 2 scrolls of magic mapping {unknown}
 n - 4 scrolls of identify {unknown}
 o - a scroll of fog {unknown}
 p - a scroll of torment {unknown}
 s - a scroll of silence {unknown}
 u - a scroll of immolation {unknown}
 x - 3 scrolls of enchant armour {unknown}
 y - a scroll of summoning {unknown}
 A - a scroll of brand weapon {unknown}
 F - a scroll of holy word {unknown}
Potions
 e - 2 potions of heal wounds {unknown}
 j - 3 potions of curing {unknown}
 l - 2 potions of degeneration {unknown}
 r - 3 potions of berserk rage
 t - a potion of might {unknown}
 w - a potion of brilliance {unknown}


   Skills:
 + Level 3.2 Fighting
 - Level 3.0 Armour
 - Level 3.0 Dodging
 - Level 3.0 Stealth
 - Level 3.0 Shields
 * Level 13.7 Spellcasting
 + Level 7.8 Conjurations
 - Level 1.1 Summonings
 - Level 1.1 Translocations
 + Level 7.0 Fire Magic
 - Level 1.0 Air Magic
 - Level 1.1 Earth Magic
 - Level 1.0 Poison Magic
 - Level 1.0 Evocations


You had 22 spell levels left.
You knew the following spells:

 Your Spells              Type           Power      Damage    Failure   Level
a - Magic Dart            Conj           100%       1d8       1%          1
b - Mephitic Cloud        Conj/Pois/Air  32%        N/A       2%          3
c - Call Imp              Summ           21%        N/A       3%          2
d - Blink                 Tloc           42%        N/A       3%          2
e - Conjure Flame         Conj/Fire      51%        6-21      1%          3
f - Stone Arrow           Conj/Erth      74%        3d11      1%          3

Your spell library contained the following spells:

 Spells                   Type           Power      Damage    Failure   Level
 Shock                    Conj/Air       100%       1d9       1%          1
 Summon Small Mammal      Summ           84%        N/A       2%          1
 Slow                     Hex            64%        N/A       3%          1
 Passwall                 Tmut/Erth      15%        N/A       4%          2
 Call Canine Familiar     Summ           21%        N/A       7%          3
 Swiftness                Air            21%        N/A       7%          3
 Summon Guardian Golem    Hex/Summ       19%        N/A       9%          3
 Tukima's Dance           Hex            16%        N/A       11%         3
 Animate Armour           Summ/Erth      42%        N/A       22%         4
 Passage of Golubria      Tloc           21%        N/A       22%         4
 Yara's Violent Unravell  Hex/Tmut       8%         3d5       69%         5
 Lehudib's Crystal Spear  Conj/Erth      18%        10d6      100%        8


Dungeon Overview and Level Annotations

Branches:
Dungeon (9/15)             Temple (1/1) D:6           Sewer (visited)
   Lair: D:8-11         Orc: D:9-12

Altars:
Ashenzari
Dithmenos
Elyvilon
Fedhas
Kikubaaqudgha
Makhleb
Okawaru
Ru
Trog
Vehumet
Wu Jian
Zin

Annotations:
D:5 exclusion: door


Message History

The orc wizard appears confused.
The orc wizard hits you with a +0 dagger.
Unknown command.
You strike the helpless orc wizard from behind!
You hit the orc wizard.
You kill the orc wizard!
Vehumet accepts your kill.
You feel your power returning.
You feel stable enough to blink again. You block the orc's attack.
You barely miss the orc. The orc hits you with a +0 whip.
Unknown command.
You hit the orc but do no damage.
The orc is poisoned.
The orc closely misses you.
You hit the orc but do no damage.
The orc is poisoned.
The orc hits you but does no damage. x2; The orc priest closely misses you.
You block the orc's attack. The orc barely misses you.
You barely miss the orc.
The orc is heavily wounded.
The orc looks more healthy.
The orc priest closely misses you. You block the orc's attack. x2
You hit the orc but do no damage.
The orc looks even sicker.
The orc is lightly wounded.
The orc priest completely misses you. The orc barely misses you.
The orc hits you with a +0 short sword.
You closely miss the orc.
The orc is heavily wounded.
You kill the orc!
Vehumet accepts your kill. The orc priest hits you with a +0 mace.
* * * LOW HITPOINT WARNING * * *
The orc barely misses you. The orc priest hits you with a +0 mace.
* * * LOW HITPOINT WARNING * * *
You block the orc's attack.
Casting: Stone Arrow (safe; 1% risk of failure)
Confirm with . or Enter, or press ? or * to list all spells.
You blink.
The orc priest calls down the wrath of Beogh upon you.
Beogh smites you!
You die...

## #......#
.[##.>....#####
#..#......#...
#....!...#.####
###..)........###
#..#.#.####...###
#...)o.PPP###....
###..o§P..P...#....
#.@.)).P.P....)<...
#.>#..PP....P.P.....
....#...P...P.........
......#.....####...P....
........P...# #P.P.....
###........P# +....P>..
#.#.#...P.# #P.P..##. ..
..... ....... .


You could see an orc priest and an orc.

Vanquished Creatures
  A two-headed ogre (D:5)
  An ugly thing (D:8)
  An efreet (D:9)
  A komodo dragon (D:9)
  5 yaks (D:8)
  A steam dragon (D:7)
  Menkaure (D:5)
  2 water moccasins
  A hornet zombie (D:5)
  3 orc warriors (D:9)
  A black bear (D:6)
  3 ogres
  An ice beast (D:7)
  2 necrophages
  A sky beast (D:8)
  The ghost of SensoryNuts the Slasher, an amateur DgGl (D:3)
  2 centaurs
  A kobold brigand (D:6)
  8 scorpions
  7 wights (D:8)
  4 electric eels
  2 bullfrog zombies (D:5)
  A jelly (D:7)
  5 orc priests
  5 hounds
  An iguana (D:7)
  8 orc wizards
  A howler monkey zombie (D:6)
  6 gnolls
  11 adders
  2 white imps (D:7)
  An ufetubus (D:6)
  3 worms (D:2)
  29 orcs
  5 ball pythons (D:1)
  8 endoplasms
  6 giant cockroaches
  6 goblins
  12 hobgoblins
  A jackal (D:3)
  10 quokkas
  12 bats
  2 frilled lizards (D:3)
  12 kobolds
  7 rats
204 creatures vanquished.

Vanquished Creatures (collateral kills)
  A yak (D:8)
1 creature vanquished.

Vanquished Creatures (others)
  18 fungi
  8 plants
26 creatures vanquished.

Grand Total: 231 creatures vanquished

Notes
Turn   | Place    | Note
-------+----------+-------------------------------------------
     0 | D:1      | pokeman the Deep Elf Hedge Wizard began the quest for the
                  | Orb.
     0 | D:1      | Reached XP level 1. HP: 10/10 MP: 7/7
   304 | D:1      | Reached XP level 2. HP: 16/16 MP: 5/9
   976 | D:1      | Reached skill level 5 in Spellcasting
  1192 | D:1      | Reached XP level 3. HP: 20/20 MP: 9/11
  1197 | D:1      | Learned a level 3 spell: Mephitic Cloud
  1200 | D:1      | Learned a level 2 spell: Call Imp
  1203 | D:1      | Learned a level 2 spell: Blink
  1207 | D:1      | Learned a level 3 spell: Conjure Flame
  1613 | D:2      | Reached skill level 1 in Armour
  1703 | D:2      | Found a faded altar of an unknown god.
  1716 | D:2      | Reached skill level 1 in Fighting
  1923 | D:2      | Reached XP level 4. HP: 18/25 MP: 2/13
  2588 | D:2      | You fall into a shaft and drop 1 floor!
  2592 | D:3      | Reached skill level 6 in Spellcasting
  2617 | D:3      | Found a transporter.
  2617 | D:3      | Noticed SensoryNuts's ghost (amateur DgGl)
  2719 | D:3      | Found a transporter.
  2819 | D:3      | Reached XP level 5. HP: 29/29 MP: 9/15
  3180 | D:3      | Reached skill level 1 in Fire Magic
  3691 | D:3      | Reached skill level 1 in Shields
  3691 | D:3      | Reached XP level 6. HP: 31/34 MP: 12/17
  4150 | D:3      | Killed SensoryNuts's ghost
  4151 | D:3      | Reached skill level 7 in Spellcasting
  4406 | D:4      | Found a glowing drain.
  4487 | Sewer    | Entered a sewer
  4603 | Sewer    | Noticed a water moccasin
  4609 | Sewer    | Killed a water moccasin
  4935 | D:4      | Reached XP level 7. HP: 38/38 MP: 16/20
  4966 | D:4      | Reached skill level 1 in Air Magic
  5077 | D:4      | Reached skill level 8 in Spellcasting
  5183 | D:4      | Found an iron altar of Okawaru.
  5693 | D:5      | Entered Level 5 of the Dungeon
  5705 | D:5      | Reached skill level 1 in Poison Magic
  5705 | D:5      | Reached skill level 1 in Evocations
  5750 | D:5      | Noticed Menkaure
  5772 | D:5      | Killed Menkaure
  6361 | D:5      | Reached skill level 9 in Spellcasting
  6361 | D:5      | Reached XP level 8. HP: 39/44 MP: 4/23
  6563 | D:5      | Noticed a two-headed ogre
  6590 | D:5      | Killed a two-headed ogre
  6591 | D:5      | Reached skill level 10 in Spellcasting
  6591 | D:5      | Reached skill level 5 in Conjurations
  7234 | D:5      | Found a sacrificial altar of Ru.
  7973 | D:5      | Reached XP level 9. HP: 48/48 MP: 16/25
  8671 | D:6      | Found a staircase to the Ecumenical Temple.
  8687 | Temple   | Entered the Ecumenical Temple
  8822 | Temple   | Became a worshipper of Vehumet
  8912 | D:6      | Reached skill level 11 in Spellcasting
  9392 | D:6      | Reached skill level 5 in Fire Magic
 10275 | D:7      | Learned a level 3 spell: Stone Arrow
 10465 | D:7      | Found a glowing silver altar of Zin.
 10684 | D:7      | Reached skill level 12 in Spellcasting
 11076 | D:8      | Reached skill level 1 in Earth Magic
 11287 | D:8      | Found a shadowy altar of Dithmenos.
 11355 | D:8      | Noticed a white ugly thing
 11360 | D:8      | Killed a white ugly thing
 11361 | D:8      | Reached XP level 10. HP: 53/53 MP: 15/28
 12029 | D:8      | Reached * piety under Vehumet
 12029 | D:8      | Offered knowledge of Shock by Vehumet.
 12042 | D:8      | Reached skill level 13 in Spellcasting
 12645 | D:9      | Killed from afar by an orc priest

Illustrated notes

Levels and vault maps discovered:
D:1:      lightli_arrival_statuegarden, layout_basic
D:2:      layout_rooms, ebering_ecumenical_altar_box, minmay_pentomino_x4
D:3:      layout_loops_ring, gammafunk_ghost_arena,
          minmay_misc_feat_secret_circle
D:4:      layout_loops_ring, amcnicky_altar_gilded, gup_sewer_entry_pipe
D:5:      cheibrodos_two_vegetables, layout_layer_cave,
          mainiacjoe_overflow_24_doors, uniq_menkaure
D:6:      layout_loops_ring, minmay_temple_entry_glassed_door, serial_aquarium,
          aquarium_bridge_square [aquarium_subvault_wall,
          aquarium_subvault_bridge, aquarium_subvault_wall,
          aquarium_subvault_window], aquarium_bridge_straight
          [aquarium_subvault_bridge, aquarium_subvault_balcony,
          aquarium_subvault_bridge, aquarium_subvault_wall],
          aquarium_window_fake, aquarium_window_2, aquarium_view_2d,
          aquarium_balcony_5b, aquarium_pool_1
D:7:      nicolae_cairo_tiling_large_dashed, layout_basic,
          nicolae_overflow_hidden_temple, chequers_serial_rivers_micro_a,
          minivault_26, nrook_pool_corridor
D:8:      layout_basic, nicolae_dithmenos_the_darkroom, minmay_crossroads
D:9:      layout_rooms, nicolae_hepliaklqana_ecumenical_no_more,
          chequers_temple_overflow_minitemple, grunt_lair_entry_orc_guard_hut
Temple:   nicolae_temple_figure_eight

Skill      XL: |  1  2  3  4  5  6  7  8  9 10 |
---------------+-------------------------------+-----
Spellcasting   | 5 6 7 9 10 12 13 | 13.7
Armour         | 1 2 3 |  3.0
Fighting       | 1 2 3 |  3.2
Conjurations   | 2 3 4 5 7 |  7.8
Dodging        | 3 |  3.0
Fire Magic     | 1 2 3 4 6 7 |  7.0
Shields        | 1 2 3 |  3.0
Air Magic      | 1 |  1.0
Stealth        | 3 |  3.0
Poison Magic   | 1 |  1.0
Evocations     | 1 |  1.0
Earth Magic    | 1 |  1.1
Summonings     | |  1.1
Translocations | |  1.1

Action                   |  1- 3 |  4- 6 |  7- 9 | 10-12 || total
-------------------------+-------+-------+-------+-------++-------
Melee: Dagger            |     6 |       |       |       ||     6
       Halberd           |       |    35 |    77 |       ||   112
       Trident           |       |       |       |    21 ||    21
 Cast: Magic Dart        |   122 |   130 |   167 |    12 ||   431
       Mephitic Cloud    |     1 |     7 |    17 |     5 ||    30
       Conjure Flame     |     1 |     4 |    18 |     4 ||    27
       Call Imp          |       |     1 |     4 |     2 ||     7
       Blink             |       |     3 |     3 |     2 ||     8
       Stone Arrow       |       |       |    25 |    30 ||    55
 Stab: Confused          |     1 |       |    10 |     3 ||    14
       Distracted        |       |     1 |       |       ||     1
       Sleeping          |       |       |     1 |       ||     1
Armor: Robe              |     7 |       |       |       ||     7
       Leather armour    |     3 |     8 |     4 |       ||    15
       Steam dragon scal |       |       |       |     3 ||     3
Dodge: Dodged            |    14 |    36 |    42 |    22 ||   114
Block: Other             |       |       |       |    11 ||    11
       Reflection        |       |       |       |     1 ||     1

Table legend: (Time is in decaauts)
 A = Elapsed time spent in this place.
 B = Non-inter-level travel time spent in this place.
 C = Inter-level travel time spent in this place.
 D = Time resting spent in this place.
 E = Time spent auto-exploring this place.
 F = Levels seen in this place.
 G = Mean time per level.
                   A        B        C        D        E       F      G
               +--------+--------+--------+--------+--------+-----+--------+
         Total |  12738 |  12504 |    234 |    781 |  10136 |  11 | 1158.0 |
       Dungeon |  12167 |  11941 |    226 |    781 |   9607 |   9 | 1351.9 |
        Temple |    144 |    136 |      8 |      0 |    131 |   1 |  144.0 |
         Sewer |    425 |    425 |      0 |      0 |    398 |   1 |  425.0 |
               +--------+--------+--------+--------+--------+-----+--------+

Top non-repeatable levels by time:
     D:5: 2801 daAuts
     D:3: 1635 daAuts
     D:1: 1399 daAuts
     D:8: 1314 daAuts
     D:6: 1250 daAuts
     D:7: 1227 daAuts
     D:2: 1189 daAuts
     D:4: 1070 daAuts
   Sewer: 425 daAuts
     D:9: 278 daAuts
  Temple: 144 daAuts
